 Dungeon Crawl Stone Soup version 0.15-a0-2352-g26abbdd (webtiles) character file.

123 Lekart the Ducker (level 4, -3/41 HPs)
             Began as a Draconian Chaos Knight on July 11, 2013.
             Was a Plaything of Xom.
             Slain by ciphuk's ghost (5 damage)
             ... on Level 3 of the Dungeon on July 31, 2014.
             The game lasted 00:12:58 (1792 turns).

Lekart the Ducker (Draconian Chaos Knight)          Turns: 1792, Time: 00:12:59

HP  -3/41        AC  5     Str 20      XL: 4   Next: 79%
MP   4/4         EV 13     Int 15      God: Xom
Gold 136         SH  0     Dex 10      Spells:  0 memorised,  3 levels left

rFire  . . .     SeeInvis .     a - +0 mace (chaos)
rCold  . . .     Clarity  .     (armour unavailable)
rNeg   . . .     rCorr    .     (no shield)
rPois  .         rRot     .     (helmet restricted)
rElec  .         Spirit   .     (no cloak)
SustAb .         Warding  .     (no gloves)
rMut   .         Stasis   .     (no boots)
Gourm  .                        (no amulet)
MR     .....                    (no ring)
                                (no ring)

@: mighty, not resistant to hostile enchantments, very unstealthy
A: unfitting armour, stinger 1, talons 1, clever 1, mutation resistance 1, spit
poison 1, wild magic 1, AC +5
a: Spit Poison, Renounce Religion


You were on level 3 of the Dungeon.
You worshipped Xom.
You were a special plaything of Xom.
You were not hungry.

You visited 1 branch of the dungeon, and saw 3 of its levels.

You collected 116 gold pieces.

Inventory:

Hand weapons
 a - a +0 mace of chaos (weapon)
Armour
 i - a +1 cloak
 j - a +0 pair of boots
Comestibles
 c - 2 bread rations
 k - a meat ration
 l - a fruit
 t - a rotting chunk of adder flesh
 v - a beef jerky
Scrolls
 b - a scroll of blinking {unknown}
 d - 3 scrolls of remove curse {unknown}
 f - 3 scrolls of identify {unknown}
 h - a scroll of teleportation {unknown}
 o - a scroll of fog {unknown}
 r - a scroll of random uselessness {unknown}
 u - a scroll of enchant armour {unknown}
Jewellery
 g - a +1 ring of protection {unknown}
 n - an uncursed ring of see invisible {unknown}
 p - an uncursed ring of sustain abilities {unknown}
 q - an uncursed ring of protection from fire {unknown}
Potions
 m - a potion of mutation {unknown}
 w - 2 potions of cancellation {unknown}


   Skills:
 * Level 3.5 Fighting
 * Level 3.2 Maces & Flails
 * Level 4.4 Dodging
 * Level 0.2 Unarmed Combat


You had 3 spell levels left.
You didn't know any spells.

Dungeon Overview and Level Annotations

Branches:
Dungeon (3/27)

Altars:

Annotations:
D:3 ciphuk's ghost, average DrTm


Innate Abilities, Weirdness & Mutations

Your plain brown scales are hard (AC +5).
Your body does not fit into most forms of armour.
Your tail ends in a poisonous barb.
You have sharp toenails.
Your mind is acute. (Int +2)
You are somewhat resistant to further mutation.
You can spit poison.
Your spells are a little harder to cast, but a little more powerful.


Message History

You hit something but do no damage. Something hits you!
You barely miss something. Your kick misses something. You tail-slap something.
Something hits you!
* * * LOW HITPOINT WARNING * * *
You barely miss something. Something hits you!
* * * LOW HITPOINT WARNING * * *
You barely miss something. Your kick misses something.
Something hits you but does no damage.
You closely miss something. You tail-slap something. Something hits you.
* * * LOW HITPOINT WARNING * * *
Something barely misses you.
You miss something. You claw something. Something barely misses you.
Wield which item (- for none, * to show all)? (? for menu, Esc to quit)
Okay, then.
Eat which item? (? for menu, Esc to quit)
Okay, then.
Drink which item? (? for menu, Esc to quit)
You feel very mighty all of a sudden.
It was a potion of might.
Something hits you.
You die...

#.#.# #.#.# #####.#.#
......#.# #
###......#.#
.....!...#.####
#.######).......#...
#.............####.###
#.....@...!...........
#.######......###.###
#.............# #
#..##(..#...#.#
....#........#.#
#.##.#.##.###.#.###
#....#.##.#........ #
#..#....#.###.### ##
####..####..........


There were no monsters in sight!

Vanquished Creatures
  7 adders
  2 worms (D:2)
  A giant gecko (D:3)
  5 bats (D:1)
  8 hobgoblins
  3 jackals (D:1)
  A quokka (D:3)
  3 giant cockroaches
  3 giant newts (D:1)
  12 goblins
  4 kobolds
  10 rats
59 creatures vanquished.

Notes
Turn   | Place    | Note
--------------------------------------------------------------
     0 | D:1      | Lekart, the Draconian Chaos Knight, began the quest for the Orb.
     0 | D:1      | Reached XP level 1. HP: 17/17 MP: 1/1
    34 | D:1      | Upgraded the game from 0.13-a0-2350-g4422b0a to 0.15-a0-2352-g26abbdd
   145 | D:1      | Reached XP level 2. HP: 20/29 MP: 2/2
   178 | D:1      | XOM: divination: detect creatures
   340 | D:1      | XOM: divination: magic mapping
   501 | D:1      | XOM: vitrification
   592 | D:1      | Reached XP level 3. HP: 31/35 MP: 3/3
  1109 | D:2      | XOM: give mutations
  1109 | D:2      | Gained mutation: Your mind is acute. (Int +2) [Xom's grace]
  1109 | D:2      | Gained mutation: You are somewhat resistant to further mutation. [Xom's grace]
  1109 | D:2      | Gained mutation: Your tail ends in a poisonous barb. [Xom's grace]
  1109 | D:2      | Gained mutation: You can spit poison. [Xom's grace]
  1184 | D:2      | Reached skill level 4 in Dodging
  1188 | D:2      | XOM: give mutations
  1188 | D:2      | Gained mutation: You have sharp toenails. [Xom's grace]
  1188 | D:2      | Gained mutation: Your spells are a little harder to cast, but a little more powerful. [Xom's grace]
  1420 | D:2      | Reached XP level 4. HP: 36/41 MP: 4/4
  1653 | D:3      | XOM: polymorph hobgoblin -> rat
  1680 | D:3      | XOM: summons 3 hostile shadow creatures
  1779 | D:3      | Noticed ciphuk's ghost (average DrTm)
  1788 | D:3      | HP: 2/41 [something (10)]
  1792 | D:3      | Slain by ciphuk's ghost

Action                   |  1- 3 |  4- 6 || total
-------------------------+-------+-------++-------
Melee: Mace              |   131 |    57 ||   188
  Use: Potion            |       |     1 ||     1
 Stab: Confused          |     1 |       ||     1
  Eat: Chunk             |     2 |     1 ||     3
